 Dungeon Crawl Stone Soup version 0.23.2 (webtiles) character file.

Game seed: 13885060105508261400

297 teukkam the Skirmisher (level 6, 0/56 HPs)
             Began as a Minotaur Fighter on Apr 3, 2019.
             Slain by an ice beast (3 damage)
             ... on level 5 of the Dungeon.
             The game lasted 00:02:39 (598 turns).

teukkam the Skirmisher (Minotaur Fighter)            Turns: 598, Time: 00:02:39

Health: 0/56       AC:  7    Str: 28    XL:     6   Next: 12%
Magic:  5/5        EV:  8    Int:  5    God:
Gold:   41         SH: 10    Dex:  9    Spells: 5/5 levels left

rFire    . . .     SeeInvis .   a - +0 war axe
rCold    . . .     Gourm    .   c - +0 shield
rNeg     . . .     Faith    +   b - +0 scale mail
rPois    .         Spirit   .   (helmet restricted)
rElec    .         Reflect  .   j - scarf {cloud immunity}
rCorr    +         Harm     .   (no gloves)
MR       .....                  (no boots)
Stlth    ..........             e - amulet of faith
HPRegen  0.18/turn              h - ring of resist corrosion
MPRegen  0.09/turn              (no ring)

@: mighty
A: retaliatory headbutt, horns 2
a: no special abilities


You were on level 5 of the Dungeon.
You were not hungry.

You visited 1 branch of the dungeon, and saw 5 of its levels.

You collected 41 gold pieces.

Inventory:

Hand Weapons
 a - a +0 war axe (weapon)
Missiles
 k - 21 stones (quivered)
Armour
 b - a +0 scale mail (worn)
 c - a +0 shield (worn)
 j - a scarf of cloud immunity (worn)
Jewellery
 e - an amulet of faith (around neck)
 h - a ring of resist corrosion (left hand)
Scrolls
 m - a scroll of teleportation {unknown}
 n - a scroll of remove curse {unknown}
Potions
 g - a potion of curing
 i - a potion of agility {unknown}
 o - a potion of flight {unknown}
Comestibles
 f - 6 rations
 l - 6 chunks of flesh


   Skills:
 + Level 5.2 Fighting
 + Level 4.4 Axes
 + Level 5.1 Armour
 + Level 5.2 Shields


You had 5 spell levels left.
You didn't know any spells.
Your spell library was empty.

Dungeon Overview and Level Annotations

Branches:
Dungeon (5/15)
 Temple: D:4-7

Altars:
Ru


Innate Abilities, Weirdness & Mutations

You reflexively headbutt those who attack you in melee.
You have a pair of horns on your head.


Message History

Your Armour skill increases to level 5!
Your Shields skill increases to level 5!
You have reached level 6!
Your experience leads to an increase in your attributes!
Increase (S)trength, (I)ntelligence, or (D)exterity?
You feel stronger.
You closely miss the ice beast. You block the ice beast's attack.
You feel very mighty all of a sudden. The ice beast hits you.
* * * LOW HITPOINT WARNING * * *
The ice beast freezes you!
* * * LOW HITPOINT WARNING * * *
You closely miss the ice beast. You headbutt the ice beast.
The ice beast is lightly wounded.
The ice beast barely misses you. You furiously retaliate!
You headbutt the ice beast. You closely miss the ice beast.
Your headbutt misses the ice beast.
The ice beast is lightly wounded.
You block the ice beast's attack. The ice beast hits you.
You die...

####+##### ........#
#......# #########
#......# #........
#....).# #........
#....@Y# #........
#....(.# #........
#......#######........
#.....(...........(...
....%###(...............
..... #(.(.......(.....
.... #........(##.....
.... #......)..##.....
... #.........##.....


You could see an ice beast.

Vanquished Creatures
  2 centaurs (D:5)
  A scorpion (D:4)
  A crimson imp (D:5)
  A worker ant (D:5)
  A hound zombie (D:5)
  2 adders
  A giant cockroach (D:4)
  A hobgoblin (D:1)
  2 kobolds (D:1)
12 creatures vanquished.

Notes
Turn   | Place    | Note
-------+----------+-------------------------------------------
     0 | D:1      | teukkam the Minotaur Fighter began the quest for the Orb.
     0 | D:1      | Reached XP level 1. HP: 19/19 MP: 0/0
    76 | D:3      | Reached XP level 2. HP: 22/27 MP: 1/1
   207 | D:4      | Noticed a scorpion
   215 | D:4      | Killed a scorpion
   215 | D:4      | Reached XP level 3. HP: 22/33 MP: 2/2
   235 | D:4      | Reached XP level 4. HP: 27/41 MP: 3/3
   473 | D:5      | Entered Level 5 of the Dungeon
   478 | D:5      | Found a sacrificial altar of Ru.
   487 | D:5      | Reached XP level 5. HP: 47/47 MP: 4/4
   568 | D:5      | Noticed a centaur
   575 | D:5      | Killed a centaur
   575 | D:5      | Reached skill level 5 in Fighting
   586 | D:5      | Noticed a centaur
   587 | D:5      | Noticed an ice beast
   595 | D:5      | Killed a centaur
   595 | D:5      | Reached skill level 5 in Armour
   595 | D:5      | Reached skill level 5 in Shields
   595 | D:5      | Reached XP level 6. HP: 11/56 MP: 5/5
   598 | D:5      | Slain by an ice beast

Skill      XL: |  1  2  3  4  5 |
---------------+----------------+-----
Fighting       | 4 5 |  5.2
Axes           | 3 4 |  4.4
Armour         | 4 5 |  5.1
Shields        | 4 5 |  5.2

Action                   |  1- 3 |  4- 6 || total
-------------------------+-------+-------++-------
Melee: War axe           |    18 |    25 ||    43
       Headbutt          |     7 |     9 ||    16
  Use: Scroll            |       |     1 ||     1
       Potion            |       |     1 ||     1
Armor: Scale mail        |     5 |    13 ||    18
Dodge: Dodged            |     7 |    12 ||    19
Block: Shield            |     7 |    15 ||    22
